 Seeded DCSS version 0.27.1-2-g3b301248ec (webtiles) character file.

Game seed: 17979796883088392625 (custom seed)

116 babuloseo the Skirmisher (level 5, -5/42 HPs)
             Began as a Human Fighter on Sept 26, 2021.
             Was a Follower of Zin.
             Slain by a water moccasin (8 damage)
             ... on level 5 of the Dungeon.
             The game lasted 00:02:50 (1475 turns).

babuloseo the Skirmisher (Human Fighter)            Turns: 1475, Time: 00:02:50

Health: -5/42      AC:  7    Str: 17    XL:     5   Next: 21%
Magic:  5/5        EV:  7    Int:  8    God:    Zin [*.....]
Gold:   70         SH:  9    Dex: 13    Spells: 4/4 levels left

rFire    + . .     SeeInvis .   g - +2 dagger (venom)
rCold    x . .     Faith    .   c - +0 kite shield
rNeg     . . .     Spirit   .   b - +1 scale mail
rPois    .         Reflect  .   (no helmet)
rElec    .         Harm     .   (no cloak)
rCorr    .         Rampage  .   (no gloves)
Will     .....                  (no boots)
Stlth    ..........             e - amulet of regeneration
HPRegen  1.14/turn              p - +4 ring of slaying
MPRegen  0.09/turn              q - ring of fire

@: no status effects
A: no striking features
a: Renounce Religion, Recite, Donate Gold


You were on level 5 of the Dungeon.
You worshipped Zin.
Zin was aware of your devotion.
You visited 1 branch of the dungeon, and saw 4 of its levels.

You collected 77 gold pieces.
You donated 7 gold pieces to Zin.

Inventory:

Hand Weapons
 a - a +0 long sword
 g - a +2 dagger of venom (weapon)
 h - a +2 dagger of venom
Armour
 b - a +1 scale mail (worn)
 c - a +0 kite shield (worn)
Magical Staves
 l - a staff of conjuration
Jewellery
 e - an amulet of regeneration (around neck)
 p - a +4 ring of slaying (left hand)
 q - a ring of fire (right hand)
Potions
 d - 2 potions of might
 i - a potion of berserk rage {unknown}
 j - a potion of curing
 k - 2 potions of invisibility {unknown}
 m - a potion of cancellation {unknown}


   Skills:
 + Level 3.9 Fighting
 * Level 3.2 Long Blades
 - Level 3.1 Armour
 * Level 2.0 Dodging
 - Level 3.3 Shields


You had 4 spell levels left.
You didn't know any spells.
Your spell library contained the following spells:

 Spells                   Type           Power      Damage    Failure   Level
 Call Canine Familiar     Summ           0%         N/A       100%        3
 Portal Projectile        Hex/Tloc       0%         N/A       100%        3
 Leda's Liquefaction      Hex/Erth       0%         N/A       100%        4


Dungeon Overview and Level Annotations

Branches:
Dungeon (3/15)

Altars:
Zin

Shops:
D:3 :[[


Message History

The water moccasin bites you. The black bear bites you.
The black bear claws you.
The black bear claws you but does no damage.
You hit the water moccasin.
The water moccasin is heavily wounded.
The water moccasin barely misses you.
The black bear bites you but does no damage.
You block the black bear's attack.
The black bear claws you but does no damage.
The hound bites you.
The adder hisses angrily.
You hit the water moccasin.
The water moccasin is severely wounded.
You block the water moccasin's attack. The hound bites you.
The water moccasin bites you!
The black bear bites you but does no damage.
The black bear claws you. The black bear barely misses you.
The hound closely misses you.
You hit the water moccasin.
The water moccasin is severely wounded.
The water moccasin bites you but does no damage.
The hound bites you but does no damage. The black bear bites you.
* * * LOW HITPOINT WARNING * * *
The black bear claws you.
* * * LOW HITPOINT WARNING * * *
The black bear claws you but does no damage.
The water moccasin barely misses you.
You hit the water moccasin but do no damage.
The water moccasin is severely wounded.
You block the hound's attack. You block the black bear's attack.
The black bear claws you but does no damage.
The black bear claws you.
* * * LOW HITPOINT WARNING * * *
The water moccasin bites you.
* * * LOW HITPOINT WARNING * * *
The hound bites you but does no damage.
You miss the water moccasin.
The water moccasin is severely wounded.
The water moccasin bites you!
You die...

....... .
#..#.$......... .#.
#..#........... #..
#..#........h..#...
#...............#T.
#......# #...#.
.gT...+ #...Fh #Sh...#
#.#Ws. ####@....##
#..#o. #...h.....#
#..$#W #......?..#
#..#..
#......S..##+###.#...
#..............#.....
#..............#...#.
##........†.....#..#..
#...............#.# ..
#...............#. #..


You could see a troll, a water moccasin, a black bear, a gnoll shaman, a hound
and an adder.

Vanquished Creatures
  A hound (D:5)
  An iguana (D:2)
  An adder (D:2)
  A dart slug (D:1)
  An orc (D:5)
  2 endoplasms
  2 giant cockroaches
  10 goblins
  2 hobgoblins (D:1)
  2 jackals (D:1)
  4 ball pythons
  3 bats
  6 frilled lizards
  5 kobolds
  6 rats (D:1)
47 creatures vanquished.

Notes
Turn   | Place    | Note
-------+----------+-------------------------------------------
     0 | D:1      | babuloseo the Human Fighter began the quest for the Orb.
     0 | D:1      | Reached XP level 1. HP: 18/18 MP: 1/1
   123 | D:1      | Reached XP level 2. HP: 24/24 MP: 2/2
   312 | D:1      | Reached XP level 3. HP: 28/29 MP: 3/3
   656 | D:2      | Reached skill level 1 in Dodging
   656 | D:2      | Reached XP level 4. HP: 35/35 MP: 4/4
   925 | D:2      | Found a faded altar of an unknown god.
  1115 | D:2      | Became a worshipper of Zin the Law-Giver
  1115 | D:2      | Reached * piety under Zin
  1311 | D:3      | Found Cuh Hufu's Antique Armour Emporium.
  1343 | D:3      | Found Naoreuss's Book Shoppe.
  1426 | D:3      | Found Ynoatz's Antique Armour Emporium.
  1434 | D:3      | You fall into a shaft and drop 2 floors!
  1434 | D:5      | Entered Level 5 of the Dungeon
  1434 | D:5      | Noticed a bullfrog
  1434 | D:5      | Noticed a scorpion
  1434 | D:5      | Noticed a phantom
  1435 | D:5      | Noticed a wraith
  1439 | D:5      | Noticed a troll
  1440 | D:5      | Noticed a two-headed ogre
  1440 | D:5      | Noticed a water moccasin
  1453 | D:5      | Reached XP level 5. HP: 28/42 MP: 5/5
  1464 | D:5      | Noticed a black bear
  1474 | D:5      | HP: 2/42 [water moccasin (2)]
  1475 | D:5      | Slain by a water moccasin

Illustrated notes

Levels and vault maps discovered:
D:1:      minmay_arrival_cross, layout_loops_ring
D:2:      layout_rooms, shapermc_ecumenical_altar_venn
D:3:      layout_basic, serial_shops, shop, nicolae_shop_behind_doors, shop,
          shop, uniq_ijyb
D:5:      cheibrodos_fzero, layout_basic, minmay_temple_entry_junction,
          minmay_between

Skill      XL: |  1  2  3  4  5 |
---------------+----------------+-----
Dodging        | 1 2 |  2.0
Long Blades    | 3 |  3.2
Fighting       | |  3.9
Armour         | |  3.1
Shields        | |  3.3

Action                   |  1- 3 |  4- 6 || total
-------------------------+-------+-------++-------
Melee: Long sword        |    38 |       ||    38
       Dagger            |    52 |    50 ||   102
  Use: Scroll            |       |     4 ||     4
       Potion            |       |     1 ||     1
Armor: Scale mail        |    52 |    33 ||    85
Dodge: Dodged            |    23 |    17 ||    40
Block: Kite shield       |    59 |    30 ||    89
       Rpst.: Long sword |     4 |       ||     4
